 Dungeon Crawl Stone Soup version 0.21.1-1-g345015f (webtiles) character file.

2 Monsterracer the Stinger (level 1, 0/15 HPs)
             Began as a Hill Orc Venom Mage on Feb 12, 2018.
             Slain by a hobgoblin (4 damage)
             ... on level 1 of the Dungeon.
             The game lasted 00:00:22 (104 turns).

Monsterracer the Stinger (Hill Orc Venom Mage)       Turns: 104, Time: 00:00:23

Health: 0/15       AC:  2    Str: 10    XL:     1   Next: 30%
Magic:  1/3        EV: 12    Int: 15    God:
Gold:   6          SH:  0    Dex: 11    Spells: 2/3 levels left

rFire    . . .     SeeInvis .   (no weapon)
rCold    . . .     Gourm    .   (no shield)
rNeg     . . .     Faith    .   a - +0 robe
rPois    .         Spirit   .   (no helmet)
rElec    .         Reflect  .   (no cloak)
rCorr    .         Harm     .   (no gloves)
MR       .....                  (no boots)
Stlth    ++........             (no amulet)
HPRegen  0.05/turn              (no ring)
MPRegen  0.08/turn              (no ring)

@: no status effects
A: no striking features
a: no special abilities


You were on level 1 of the Dungeon.
You were not hungry.

You visited 1 branch of the dungeon, and saw 1 of its levels.

You collected 6 gold pieces.

Inventory:

Armour
 a - a +0 robe (worn)
Scrolls
 b - a scroll of identify {unknown}
Comestibles
 c - a ration


   Skills:
 + Level 0.8 Fighting
 - Level 1.5 Dodging
 - Level 1.5 Stealth
 - Level 1.5 Spellcasting
 - Level 1.0 Conjurations
 - Level 2.6 Poison Magic


You had 2 spell levels left.
You knew the following spells:

 Your Spells              Type           Power        Failure   Level  Hunger
a - Sting                 Conj/Pois      #...         11%         1    ##.....


Dungeon Overview and Level Annotations

Branches:
Dungeon (1/15)

Altars:


Message History

The bat hits you but does no damage. x2
You closely miss the bat. The bat hits you but does no damage.
You miss the bat. The bat closely misses you. The bat closely misses you.
The bat barely misses you.
You hit the bat but do no damage. The bat hits you but does no damage.
You completely miss the bat. The bat misses you.
The bat hits you but does no damage.
MP restored: 3 You miss the bat.
The bat misses you.
You hit the bat.
You kill the bat!
No target in view!
No target in view!
No target in view!
No target in view!
No target in view!
No target in view!
No target in view!
No target in view!
Health restored: 14 No target in view!
No target in view!
No target in view!
No target in view!
No target in view!
No target in view!
No target in view!
No target in view!
No target in view!
No target in view!
You now have 6 gold pieces.
A rat comes into view.
A rat is nearby!
A frilled lizard and a hobgoblin come into view.
The rat completely misses you.
You hit the rat but do no damage. The rat bites you but does no damage.
You completely miss the rat. The rat closely misses you.
You closely miss the rat.
The hobgoblin shouts!
The rat barely misses you.
There are monsters nearby!
You hit the rat.
The rat is severely wounded.
The rat misses you.
You hit the rat.
You kill the rat!
Health restored: 15 The hobgoblin hits you but does no damage.
You barely miss the frilled lizard. The frilled lizard closely misses you.
The hobgoblin closely misses you.
You hit the frilled lizard.
You kill the frilled lizard!
The hobgoblin misses you.
A frilled lizard comes into view.
The frilled lizard hisses angrily.
You hit the hobgoblin but do no damage. The hobgoblin hits you.
You take 2 damage, and have 13/15 hp.
You hit the hobgoblin but do no damage. The hobgoblin hits you.
You take 1 damage, and have 12/15 hp.
You completely miss the hobgoblin. The hobgoblin hits you.
You take 1 damage, and have 11/15 hp.
You are too injured to fight recklessly!
You closely miss the hobgoblin. The hobgoblin hits you.
You take 2 damage, and have 9/15 hp.
You are too injured to fight recklessly!
You hit the hobgoblin.
The hobgoblin is lightly wounded.
The hobgoblin completely misses you.
You hit the hobgoblin but do no damage.
The hobgoblin is lightly wounded.
The hobgoblin closely misses you.
You closely miss the hobgoblin.
The hobgoblin is lightly wounded.
The hobgoblin hits you.
You take 1 damage, and have 8/15 hp.
You hit the hobgoblin but do no damage.
The hobgoblin is lightly wounded.
The frilled lizard bites you.
* * * LOW HITPOINT WARNING * * *
The hobgoblin hits you.
* * * LOW HITPOINT WARNING * * *
You take 4 damage, and have 4/15 hp.
MASSIVE DAMAGE!!
Casting: Sting
Confirm with . or Enter, or press ? or * to list all spells.
Aiming: Sting
Press: ? - help, Shift-Dir - straight line, f - hobgoblin
Aim: a hobgoblin (lightly wounded)
The sting hits the hobgoblin.
The hobgoblin appears unharmed.
The hobgoblin is lightly wounded.
The frilled lizard misses you. The hobgoblin barely misses you.
You now have 2/3 mp.
Casting: Sting
Confirm with . or Enter, or press ? or * to list all spells.
Aiming: Sting
Press: ? - help, Shift-Dir - straight line, f/p - hobgoblin
Aim: a hobgoblin (lightly wounded)
The sting hits the hobgoblin.
The hobgoblin is almost dead.
The frilled lizard closely misses you. The hobgoblin hits you.
You die...

######### ##
#.......###########
...#.................#
#....................#
#.....l..............#
#.....g@....######...###
........†...+...........
#...........############
#...........#
#...........#
#...........#
#############


You could see a hobgoblin and a frilled lizard.

Vanquished Creatures
  A bat (D:1)
  A frilled lizard (D:1)
  A rat (D:1)
3 creatures vanquished.

Notes
Turn   | Place    | Note
-------+----------+-------------------------------------------
     0 | D:1      | Monsterracer the Hill Orc Venom Mage began the quest for the Orb.
     0 | D:1      | Reached XP level 1. HP: 14/14 MP: 3/3
   102 | D:1      | HP: 6/15 [frilled lizard (2)]
   104 | D:1      | Slain by a hobgoblin

Action                   || total
-------------------------++-------
Melee: Unarmed           ||    38
 Cast: Sting             ||     5
Armor: Robe              ||    22
Dodge: Dodged            ||    37

Vault maps used:
D:1:      nicolae_arrival_washed_ashore
